 Dungeon Crawl Stone Soup version 0.23.2-33-g5129a83184 (webtiles) character file.

Game seed: 2857676964997653509

5992 psyvane the Archer (level 10, 0/86 HPs)
             Began as a Centaur Hunter on July 11, 2019.
             Was a Priest of Qazlal.
             Slain by a harpy (shapeshifter) (11 damage)
             ... on level 10 of the Dungeon.
             The game lasted 00:51:14 (12258 turns).

psyvane the Archer (Centaur Hunter)                Turns: 12258, Time: 00:51:14

Health: 0/86       AC:  7    Str: 15    XL:     10   Next: 55%
Magic:  11/14      EV:  9    Int: 10    God:    Qazlal [***...]
Gold:   181        SH:  4    Dex: 13    Spells: 3/9 levels left

rFire    . . .     SeeInvis +   a - +1 shortbow
rCold    . . .     Gourm    +   (shield currently unavailable)
rNeg     + . .     Faith    .   G - +1 leather armour {rN+}
rPois    +         Spirit   .   c - +1 helmet {SInv}
rElec    .         Reflect  .   (no cloak)
rCorr    .         Harm     .   (no gloves)
MR       .....                  (no barding)
Stlth    +.........             u - amulet of the gourmand
HPRegen  0.24/turn              B - ring of poison resistance
MPRegen  0.14/turn              (no ring)

@: very slightly contaminated, invisible, very quick
A: large, hooves 3, deformed body, speed 2, tough skin 3
a: Upheaval, Elemental Force, Renounce Religion


You were on level 10 of the Dungeon.
You worshipped Qazlal.
Qazlal was most pleased with you.
You were not hungry.

You visited 1 branch of the dungeon, and saw 10 of its levels.

You collected 434 gold pieces.
You spent 253 gold pieces at shops.

Inventory:

Hand Weapons
 a - a +1 shortbow (weapon)
 t - a +1 dagger of electrocution
 v - a +0 dagger of speed
 w - a +0 dagger of pain
 K - a +0 eveningstar
 M - a +3 dagger of chaos
Missiles
 I - 56 arrows (quivered)
Armour
 c - a +1 helmet of see invisible (worn)
 G - a +1 leather armour of positive energy (worn)
Magical Staves
 z - an uncursed staff of earth
 A - an uncursed staff of death {unknown}
Jewellery
 u - an amulet of the gourmand (around neck)
 B - a ring of poison resistance (left hand)
 E - an uncursed amulet of rage {unknown}
 F - the ring "Geqogaru" {Ice Str+4}
   (You found it on level 7 of the Dungeon)

   [ring of ice]

   It enhances your ice magic.
   It affects your strength (+4).
   It makes you vulnerable to fire.
   It protects you from cold.
 J - an uncursed ring of magical power {unknown}
Wands
 d - a wand of digging (4)
 o - a wand of iceblast (18)
 C - a wand of polymorph (9)
Scrolls
 b - a scroll of fear {unknown}
 g - a scroll of random uselessness {unknown}
 k - a scroll of immolation {unknown}
 m - 2 scrolls of noise
 n - 2 scrolls of teleportation
 r - a scroll of enchant weapon {unknown}
 x - a scroll of blinking {unknown}
 y - 4 scrolls of remove curse {unknown}
 H - a scroll of vulnerability {unknown}
 L - a scroll of enchant armour {unknown}
Potions
 e - 2 potions of berserk rage
 h - a potion of lignification
 i - a potion of might {unknown}
 j - 2 potions of brilliance
 l - a potion of invisibility
 p - 4 potions of curing
 q - a potion of resistance {unknown}
 D - a potion of haste {unknown}
Comestibles
 f - 20 rations


   Skills:
 - Level 7.5 Fighting
 - Level 2.2 Staves
 - Level 14.3 Bows
 - Level 1.3 Dodging
 - Level 0.4 Stealth
 * Level 2.7 Charms
 - Level 5.5 Translocations
 * Level 5.7 Invocations


You had 3 spell levels left.
You knew the following spells:

 Your Spells              Type           Power        Failure   Level  Hunger
a - Blink                 Tloc           N/A          8%          2    ###....
b - Shroud of Golubria    Chrm/Tloc      #.........   13%         2    ###....
c - Song of Slaying       Chrm           #.......     24%         2    ###....

Your spell library contained the following spells:

 Spells                   Type           Power        Failure   Level  Hunger
 Infusion                 Chrm           #...         16%         1    ##.....
 Magic Dart               Conj           #...         43%         1    ##.....
 Call Imp                 Summ           #.......     56%         2    ###....
 Searing Ray              Conj           #.....       56%         2    ###....
 Slow                     Hex            #.......     56%         2    ###....
 Regeneration             Chrm/Necr      #.........   63%         3    ####...
 Spectral Weapon          Hex/Chrm       #.......     63%         3    ####...
 Conjure Flame            Conj/Fire      #.......     80%         3    ####...
 Dazzling Spray           Conj/Hex       #.....       80%         3    ####...
 Mephitic Cloud           Conj/Pois/Air  #.......     80%         3    ####...
 Force Lance              Conj/Tloc      #.......     83%         4    #####..
 Fulminant Prism          Conj/Hex       #.........   99%         4    #####..
 Iskenderun's Mystic Bla  Conj           #.......     99%         4    #####..


Dungeon Overview and Level Annotations

Branches:
Dungeon (10/15)            Temple (0/1) D:5
   Lair: D:8-11         Orc: D:9-12

Altars:
Ashenzari
Cheibriados
Dithmenos
Gozag
Hepliaklqana
Kikubaaqudgha
Okawaru
Qazlal
Sif Muna
Trog
Uskayaw
Vehumet
Wu Jian

Shops:
D:6 ?   D:9 [

Annotations:
D:3 1 runed translucent door, Crazy Yiuf


Innate Abilities, Weirdness & Mutations

You have hooves in place of feet.
Armour fits poorly on your strangely shaped body.
You cover ground very quickly.
You have extremely tough skin. (AC +3)


Message History

Press: ? - help, Shift-Dir - straight line, f/p - adder
Aim: an adder You shoot an arrow.
The arrow hits the adder.
The adder is moderately wounded.
The harpy claws you! x2; The adder barely misses you.
The harpy barely misses you. The harpy claws you!
* * * LOW HITPOINT WARNING * * *
Found a stone staircase leading up.
The harpy claws you but does no damage. The harpy barely misses you.
The harpy screeches!
The harpy closely misses you. The harpy claws you.
* * * LOW HITPOINT WARNING * * *
You fade into invisibility!
The harpy claws you!
* * * LOW HITPOINT WARNING * * *
The harpy barely misses you. The adder closely misses you.
You are very lightly contaminated with residual magic.
Found a scroll labeled SUH ENTAUBYZXU.
The harpy claws you!
You die...

..... ..?.. ......
...... ##########......
#########((.H.S.........
#.........(....°........
...#####'#####.H@..<....
#### .... #####......
#..... #.... #..H..# ...
#.....# .. ##...## #...#


You could see a manticore, a harpy and an adder.

Vanquished Creatures
  A two-headed ogre (D:8)
  Psyche (D:9)
  Joseph (D:9)
  A gargoyle (D:9)
  A hippogriff (D:7)
  5 yaks (D:5)
  Grum (D:8)
  A hungry ghost (D:7)
  Menkaure (D:7)
  An orc warrior (D:9)
  2 black bears (D:6)
  An eye of draining (D:8)
  3 ice beasts
  A necrophage (D:9)
  A sky beast (D:5)
  2 wolves
  3 ogres
  2 phantoms
  2 centaurs (D:9)
  4 bullfrogs
  A wyvern skeleton (D:8)
  2 scorpions
  An electric eel (D:9)
  3 crimson imps
  A bullfrog zombie (D:9)
  A centaur zombie (D:7)
  A quasit (D:7)
  A bullfrog skeleton (D:9)
  5 hounds
  A centaur skeleton (D:2)
  An orc priest (D:9)
  7 orc wizards
  Jessica (D:2)
  Natasha (thrice) (D:3)
  An iguana (D:4)
  A statue (D:8)
  5 worker ants
  A hound skeleton (D:4)
  Robin (D:3)
  10 adders
  A howler monkey skeleton (D:8)
  2 shadow imps (D:6)
  2 oozes
  An adder zombie (D:9)
  4 worms
  2 dart slugs
  8 leopard geckos
  26 orcs
  8 giant cockroaches
  17 goblins
  2 hobgoblins
  7 jackals (D:1)
  4 kobolds
  6 quokkas
  2 ball pythons
  8 bats
  4 frilled lizards
  A leopard gecko zombie (D:5)
  A quokka zombie (D:5)
  7 rats
196 creatures vanquished.

Vanquished Creatures (others)
  Blork the orc (D:6)
  A worker ant zombie (D:6)
2 creatures vanquished.

Grand Total: 198 creatures vanquished

Notes
Turn   | Place    | Note
-------+----------+-------------------------------------------
     0 | D:1      | psyvane the Centaur Hunter began the quest for the Orb.
     0 | D:1      | Reached XP level 1. HP: 17/17 MP: 1/1
   316 | D:1      | Reached XP level 2. HP: 15/24 MP: 2/2
   324 | D:1      | Reached skill level 6 in Bows
  1012 | D:2      | Found a stormy altar of Qazlal.
  1018 | D:2      | Became a worshipper of Qazlal Stormbringer
  1056 | D:2      | Noticed Jessica
  1067 | D:2      | Reached XP level 3. HP: 24/29 MP: 3/3
  1078 | D:2      | Killed Jessica
  1078 | D:2      | Reached skill level 7 in Bows
  1283 | D:2      | Reached XP level 4. HP: 36/36 MP: 4/4
  1379 | D:2      | Found a shadowy altar of Dithmenos.
  1519 | D:2      | Reached skill level 8 in Bows
  2038 | D:3      | Noticed Natasha
  2040 | D:3      | Killed Natasha
  2040 | D:3      | Reached XP level 5. HP: 41/41 MP: 5/5
  2060 | D:3      | Reached * piety under Qazlal
  2233 | D:3      | Found a runed translucent door.
  2234 | D:3      | Noticed Crazy Yiuf
  2608 | D:3      | Found a snail-covered altar of Cheibriados.
  2636 | D:3      | Found a faded altar of an unknown god.
  2670 | D:3      | Noticed Natasha
  2712 | D:3      | Reached skill level 9 in Bows
  2851 | D:3      | Killed Natasha
  3177 | D:3      | Noticed Natasha
  3185 | D:3      | Killed Natasha
  3251 | D:3      | Noticed Robin
  3256 | D:3      | Reached XP level 6. HP: 45/48 MP: 6/6
  3271 | D:3      | Killed Robin
  3748 | D:4      | Reached ** piety under Qazlal
  3748 | D:4      | Reached skill level 10 in Bows
  4323 | D:4      | Found an ornate altar of the Wu Jian Council.
  4413 | D:4      | Found an iron altar of Okawaru.
  4413 | D:4      | Found a deep blue altar of Sif Muna.
  4413 | D:4      | Found a hazy altar of Hepliaklqana.
  4538 | D:4      | Reached skill level 11 in Bows
  4538 | D:4      | Reached XP level 7. HP: 55/55 MP: 7/7
  4553 | D:4      | Found a shattered altar of Ashenzari.
  4926 | D:5      | Entered Level 5 of the Dungeon
  5004 | D:5      | Noticed a yak
  5005 | D:5      | Noticed a yak
  5015 | D:5      | Noticed a yak
  5015 | D:5      | Noticed a yak
  5016 | D:5      | Noticed a yak
  5107 | D:5      | Found a staircase to the Ecumenical Temple.
  5180 | D:5      | Reached skill level 12 in Bows
  5972 | D:5      | Killed a yak
  5972 | D:5      | Reached XP level 8. HP: 49/61 MP: 8/8
  5976 | D:5      | Reached skill level 13 in Bows
  6816 | D:5      | Reached skill level 14 in Bows
  7476 | D:6      | Found an ancient bone altar of Kikubaaqudgha.
  7584 | D:6      | Killed Blork the orc
  7663 | D:6      | Learned a level 2 spell: Blink
  7720 | D:6      | Reached XP level 9. HP: 53/71 MP: 9/9
  7820 | D:6      | Found Voxaasy's Magic Scroll Shop.
  7823 | D:6      | Bought a scroll of identify for 24 gold pieces
  7823 | D:6      | Bought a scroll of identify for 24 gold pieces
  7823 | D:6      | Bought a scroll of identify for 24 gold pieces
  7979 | D:6      | Reached skill level 1 in Translocations
  8439 | D:7      | Noticed Menkaure
  8446 | D:7      | Killed Menkaure
  8545 | D:7      | Found an opulent altar of Gozag.
  8548 | D:7      | Found a shattered altar of Ashenzari.
  8551 | D:7      | Found a hide-covered altar of Uskayaw.
  8555 | D:7      | Reached skill level 5 in Fighting
  8561 | D:7      | Found a bloodstained altar of Trog.
  8599 | D:7      | Got a fine bone ring
  9408 | D:8      | Noticed Grum
  9408 | D:8      | Noticed a two-headed ogre
  9432 | D:7      | Learned a level 2 spell: Shroud of Golubria
  9504 | D:8      | Reached *** piety under Qazlal
  9533 | D:8      | Killed Grum
 10330 | D:8      | Killed a two-headed ogre
 10330 | D:8      | Reached XP level 10. HP: 86/86 MP: 9/11
 10484 | D:8      | Found a radiant altar of Vehumet.
 10882 | D:9      | Reached skill level 5 in Translocations
 10946 | D:9      | Noticed a gargoyle
 10962 | D:9      | Killed a gargoyle
 11479 | D:9      | Learned a level 2 spell: Song of Slaying
 11541 | D:9      | Noticed Psyche
 11556 | D:9      | Killed Psyche
 11556 | D:9      | Reached skill level 1 in Charms
 11623 | D:9      | Reached skill level 5 in Invocations
 11703 | D:9      | Noticed Joseph
 11720 | D:9      | Killed Joseph
 11958 | D:9      | Found Zekaig's Armour Shoppe.
 11962 | D:9      | Bought a +1 helmet of see invisible for 181 gold pieces
 12084 | D:9      | Identified the ring "Geqogaru" {Ice Str+4} (You found it on
                  | level 7 of the Dungeon)
 12171 | D:10     | Entered Level 10 of the Dungeon
 12242 | D:10     | Noticed a manticore
 12242 | D:10     | Noticed a harpy
 12258 | D:10     | Slain by a harpy (shapeshifter)

Skill      XL: |  1  2  3  4  5  6  7  8  9 10 |
---------------+-------------------------------+-----
Bows           | 6 7 8 9 11 12 14 | 14.3
Staves         | 2 |  2.2
Fighting       | 3 7 |  7.5
Translocations | 4 5 |  5.5
Invocations    | 2 5 |  5.7
Charms         | 2 |  2.7
Dodging        | |  1.3
Stealth        | |  0.4

Action                   |  1- 3 |  4- 6 |  7- 9 | 10-12 || total
-------------------------+-------+-------+-------+-------++-------
Melee: Short sword       |    59 |    59 |       |       ||   118
       Kick              |     8 |    16 |    38 |     8 ||    70
       Dagger            |       |    29 |   153 |    31 ||   213
       Shortbow          |       |       |       |     1 ||     1
 Fire: Shortbow          |    55 |   166 |   266 |   122 ||   609
Invok: Upheaval          |       |       |     4 |     1 ||     5
  Use: Scroll            |     2 |       |     7 |     1 ||    10
       Potion            |     1 |       |     2 |     2 ||     5
  Eat: Chunk             |       |     9 |    34 |       ||    43
Armor: Leather armour    |    30 |    37 |    79 |    13 ||   159
Dodge: Dodged            |    34 |    62 |    91 |    32 ||   219
Block: Other             |       |     6 |    26 |    11 ||    43
